 Dungeon Sprint DCSS version 0.21.1-1-g345015f (webtiles) character file.

42933 Melicamp the Slayer (level 13, -5/144 HPs)
             Began as a Minotaur Berserker on Apr 7, 2018.
             Was the Champion of Trog.
             Killed from afar by a lich (43 damage)
             ... with a bolt of negative energy
             ... in the Dungeon (Sprint IX: "|||||||||||||||||||||||||||||").
             The game lasted 00:29:50 (3910 turns).

Melicamp the Slayer (Minotaur Berserker)            Turns: 3910, Time: 00:29:50

Health: -5/144     AC: 28    Str: 22    XL:     13   Next: 88%
Magic:  12/12      EV: 18    Int:  7    God:    Trog [******]
Gold:   1068       SH:  0    Dex: 18    Spells: 12/12 levels left

rFire    + . .     SeeInvis .   s - +12 broad axe of the Establishment {freeze, rC+ Int+3 Dex+3}
rCold    + + .     Gourm    .   (no shield)
rNeg     . . .     Faith    .   r - +3 plate armour {rF+}
rPois    .         Spirit   .   (helmet restricted)
rElec    .         Reflect  .   o - +2 cloak
rCorr    .         Harm     .   (no gloves)
MR       .....     NoTele   +   p - +2 pair of boots
Stlth    ..........             (no amulet)
HPRegen  0.34/turn              z - ring of protection from cold
MPRegen  0.13/turn              w - +3 ring of slaying

@: lethally poisoned (-5 -> -16), berserk cooldown, slowed, heavily drained,
very slow
A: retaliatory headbutt, horns 2
a: Berserk, Trog's Hand, Brothers in Arms, Burn Spellbooks, Renounce Religion


You were in the Dungeon.
You worshipped Trog.
Trog was exalted by your worship.
You were near starving.

You visited 1 branch You collected 1948 gold pieces.
You spent 880 gold pieces at shops.

Inventory:

Hand Weapons
 s - the +12 broad axe of the Establishment (weapon) {freeze, rC+ Int+3 Dex+3}
   (Trog gifted it to you in the Dungeon)

   It has been specially enchanted to freeze those struck by it, causing extra
   injury to most foes and up to half again as much damage against particularly
   susceptible opponents.
   It can also slow down cold-blooded creatures.
   It affects your intelligence (+3).
   It affects your dexterity (+3).
   It protects you from cold.
Armour
 o - a +2 cloak (worn)
   (You found it in the Dungeon)
 p - a +2 pair of boots (worn)
   (You found it in the Dungeon)
 r - a +3 plate armour of fire resistance (worn)
   (You took it off Saint Roka in the Dungeon)
Jewellery
 w - a +3 ring of slaying (right hand)
   (You bought it in a shop in the Dungeon)
 z - a ring of protection from cold (left hand)
   (You found it in the Dungeon)
Wands
 a - a wand of polymorph (9)
   (You took it off Eustachio in the Dungeon)
 m - a wand of iceblast (10)
   (You found it in the Dungeon)
Scrolls
 i - 2 scrolls of blinking
 l - 7 scrolls of remove curse
 q - 2 scrolls of enchant weapon
 v - 2 scrolls of enchant armour
Potions
 b - a potion of brilliance
 d - 8 potions of curing
 e - a potion of invisibility
 f - a potion of haste
 g - 4 potions of magic
 h - 2 potions of berserk rage
 j - a potion of agility
 k - 7 potions of heal wounds
 u - 2 potions of might
Comestibles
 c - 10 rations
 n - 2 chunks of flesh


   Skills:
 - Level 21.6(17.6) Fighting
 - Level 20.2(16.4) Axes
 - Level 20.6(16.7) Armour
 * Level 21.3(17.4) Dodging


You had 12 spell levels left.
You didn't know any spells.

Dungeon Overview and Level Annotations

Branches:
Dungeon (1/1)

Altars:
Cheibriados
Dithmenos
Elyvilon
Fedhas
Gozag
Hepliaklqana
Kikubaaqudgha
Makhleb
Nemelex Xobeh
Okawaru
Qazlal
Ru
Sif Muna
Trog
Uskayaw
Vehumet
Wu Jian
Xom
Yredelemnul
Zin
The Shining One
Beogh
Jiyva
Lugonu

Shops:
D *%=*


Innate Abilities, Weirdness & Mutations

You reflexively headbutt those who attack you in melee.
You have a pair of horns on your head.


Message History

Trog appreciates your killing of a magic user.
Your Dodging skill increases to level 21!
The lich points at you and mumbles some strange words.
You feel haunted.
The ogre mage hits you but does no damage.
You slash the ogre mage! You freeze the ogre mage. You headbutt the ogre mage.
The ogre mage is moderately wounded.
The ogre mage points at you and mumbles some strange words.
You resist with significant effort.
The lich points at you and mumbles some strange words.
You feel haunted.
You slice the ogre mage!! You freeze the ogre mage. You headbutt the ogre mage.
The ogre mage is severely wounded.
You hit the wraith. You freeze the wraith. The ogre mage misses you.
You furiously retaliate!
You headbutt the ogre mage!
You kill the ogre mage!
Trog accepts your kill.
Trog appreciates your killing of a magic user.
The wraith hits you. The wraith drains your vigour!
You feel as though you will be slow longer.
Deactivating autopickup; reactivate with Ctrl-A.
You slice something!! You freeze something. You slash the wraith!
You freeze the wraith. The wraith closely misses you.
Something closely misses you.
You slice something!! You freeze something!
Reactivating autopickup.
You hit the wraith. You freeze the wraith. The lich touches you.
The wraith closely misses you. You furiously retaliate!
You headbutt the wraith.
A yaktaur captain comes into view.
Your plate armour prevents you from hitting the lich.
The yaktaur captain shouts!
You headbutt the lich, but do no damage.
You slice the wraith!! You freeze the wraith.
You destroy the wraith!
The lich misses you. You furiously retaliate!
You headbutt the lich, but do no damage.
The hell knight hits you from afar with a halberd of draining.
You feel drained.
You slice the lich!! You freeze the lich.
The lich is moderately damaged.
You barely miss the wraith.
The lich touches you but does no damage.
The hell knight hits you but does no damage.
You feel drained. The lich misses you.
You closely miss the lich.
The lich is moderately damaged.
You slice the wraith!! You freeze the wraith.
You destroy the wraith!
The lich points at you and mumbles some strange words.
You barely resist.
The hell knight hits you from afar with a halberd of draining!
You feel drained.
You slash the lich! You headbutt the lich.
The lich is heavily damaged.
The lich touches you but does no damage.
The lich casts a spell at you.
You feel haunted.
The hell knight hits you from afar with a halberd of draining.
You feel drained.
You slash the lich!
The lich is heavily damaged.
You slash the phantom!
The lich gestures at you while chanting.
The poison arrow misses you.
The poison arrow hits the phantom.
The phantom partially resists.
The phantom closely misses you. You furiously retaliate!
You headbutt the phantom!!
You destroy the phantom!
The lich completely misses you. You furiously retaliate!
You headbutt the lich!
The hell knight hits you from afar with a halberd of draining!
You feel drained.
You slash the lich!
The lich is severely damaged.
You slash the wraith! You freeze the wraith.
The hell knight gestures wildly while chanting.
The hell knight blinks!
The lich gestures at you while chanting.
The poison arrow hits you!
You are poisoned.
* * * LOW HITPOINT WARNING * * *
The wraith misses you.
Your troll goes berserk!
You are near starving!
You feel very sick.
The lich touches you but does no damage.
The hell knight hits you but does no damage.
You feel drained. The lich closely misses you. The wraith misses you.
The hell knight hits you but does no damage.
You feel drained.
You barely miss the wraith.
You headbutt the wraith, but do no damage.
The wraith is heavily damaged.
You hit the lich but do no damage.
You feel sick.
The lich gestures at you while chanting.
The wraith hits you but does no damage.
Your troll bites the wraith!
Your troll misses the wraith.
Your troll claws the wraith!
The wraith is destroyed!
The lich points at you and mumbles some strange words.
The bolt of negative energy hits you!
You feel drained.
You die...

....[[[[[[...))))))))..=..'......
▓▓▓▓▓▓▓▓▓▓▓▓▓▓▓▓▓▓▓▓▓▓▓▓▓▓▓▓▓▓▓▓▓
.....))..........................
▓▓▓▓▓▓▓▓▓▓▓▓▓▓▓▓▓▓▓▓▓▓▓▓▓▓▓▓▓▓▓▓▓
)...)).)%)'.....))).'............
▓▓▓▓▓▓▓▓▓▓▓▓▓▓▓▓▓▓▓▓▓▓▓▓▓▓▓▓▓▓▓▓▓
.................................
▓▓▓▓▓▓▓▓▓▓▓▓▓▓▓▓▓▓▓▓▓▓▓▓▓▓▓▓▓▓▓▓▓
.cQpGpL@)T)....(........
▓▓▓▓▓▓▓▓▓▓▓▓▓▓▓▓▓▓▓▓▓▓▓▓


You could see a lich, a yaktaur captain, a great orb of eyes, 2 hell knights, a
tengu warrior and a friendly troll (berserk).

Vanquished Creatures
  Saint Roka (D)
  A nagaraja (D)
  2 frost giants (D)
  A stone giant (D)
  A vampire knight (D)
  A merfolk impaler (D)
  A great orb of eyes (D)
  A hydra (D)
  3 anacondas (D)
  A centaur warrior (D)
  2 alligators (D)
  A tengu warrior (D)
  5 ogre magi (D)
  A shock serpent (D)
  An orc high priest (D)
  Nergalle (D)
  4 deep trolls (D)
  2 swamp dragons (D)
  A necromancer (D)
  2 orc knights (D)
  2 wolf spiders (D)
  2 manticores (D)
  A moth of wrath (D)
  2 water nymphs (D)
  Joseph (D)
  2 black mambas (D)
  A naga mage (D)
  A merfolk siren (D)
  Psyche (D)
  2 gargoyles (D)
  2 spiny frogs (D)
  3 demonic crawlers (D)
  A komodo dragon (shapeshifter) (D)
  A jumping spider (D)
  A merfolk (D)
  2 tyrant leeches (D)
  6 trolls (D)
  A hornet (D)
  A slime creature (D)
  2 blink frogs (D)
  2 hippogriffs (D)
  2 snapping turtles (D)
  A water elemental (D)
  2 tarantellas (D)
  A hungry ghost (D)
  3 vampire mosquitoes (D)
  A warg (D)
  An insubstantial wisp (D)
  A naga (D)
  2 porcupines (D)
  A swamp drake (D)
  4 orc warriors (D)
  A crocodile (D)
  A wolf (D)
  A big kobold (D)
  6 bullfrogs (D)
  A howler monkey (D)
  A crimson imp (D)
  A hound (D)
  A jelly (D)
  An orc priest (D)
  5 orc wizards (D)
  A worker ant (D)
  A gnoll (D)
  2 adders (D)
  A shadow imp (D)
  A leopard gecko (D)
  12 orcs (D)
  2 bats (D)
  A goblin (D)
  A kobold (D)
  A leopard gecko skeleton (D)
  A rat (D)
132 creatures vanquished.

Vanquished Creatures (collateral kills)
  Rupert (D)
  A stone giant (D)
  An ettin (D)
  A great orb of eyes (D)
  A hydra (D)
  A deep troll earth mage (D)
  An orc knight (D)
  An ugly thing (D)
  2 spiny frogs (D)
  A yaktaur (D)
  A blink frog (D)
  A yak (D)
  Eustachio (D)
  A water moccasin (D)
  4 orc warriors (D)
  A crocodile (D)
  A bullfrog (D)
  A crimson imp (D)
  An orc (D)
23 creatures vanquished.

Grand Total: 155 creatures vanquished

Notes
Turn   | Place    | Note
-------+----------+-------------------------------------------
     0 | D        | Melicamp the Minotaur Berserker began the quest for the Orb.
     0 | D        | Reached XP level 1. HP: 19/19 MP: 0/0
     7 | D        | Reached skill level 4 in Fighting
     8 | D        | Reached skill level 4 in Axes
     9 | D        | Reached ** piety under Trog
    17 | D        | Noticed a hound
    19 | D        | Reached skill level 5 in Fighting
    19 | D        | Reached XP level 2. HP: 26/30 MP: 1/1
    26 | D        | Reached *** piety under Trog
    26 | D        | Reached skill level 7 in Fighting
    26 | D        | Reached skill level 5 in Axes
    26 | D        | Reached XP level 3. HP: 15/39 MP: 2/2
    28 | D        | Reached skill level 8 in Fighting
    28 | D        | Reached skill level 6 in Axes
   149 | D        | Found a roughly hewn altar of Beogh.
   149 | D        | Found a snail-covered altar of Cheibriados.
   149 | D        | Found a shadowy altar of Dithmenos.
   149 | D        | Found a white marble altar of Elyvilon.
   149 | D        | Found a blossoming altar of Fedhas.
   149 | D        | Found an opulent altar of Gozag.
   150 | D        | Found a hazy altar of Hepliaklqana.
   151 | D        | Found a viscous altar of Jiyva.
   152 | D        | Found an ancient bone altar of Kikubaaqudgha.
   153 | D        | Found a corrupted altar of Lugonu.
   154 | D        | Found a burning altar of Makhleb.
   155 | D        | Found a sparkling altar of Nemelex Xobeh.
   156 | D        | Found an iron altar of Okawaru.
   157 | D        | Found a stormy altar of Qazlal.
   158 | D        | Found a sacrificial altar of Ru.
   159 | D        | Found a deep blue altar of Sif Muna.
   160 | D        | Found a bloodstained altar of Trog.
   161 | D        | Found a hide-covered altar of Uskayaw.
   162 | D        | Found a radiant altar of Vehumet.
   163 | D        | Found an ornate altar of the Wu Jian Council.
   164 | D        | Found a shimmering altar of Xom.
   165 | D        | Found a basalt altar of Yredelemnul.
   166 | D        | Found a glowing silver altar of Zin.
   167 | D        | Found a glowing golden altar of the Shining One.
   226 | D        | Noticed a hippogriff
   229 | D        | Reached **** piety under Trog
   229 | D        | Reached skill level 7 in Axes
   229 | D        | Reached skill level 3 in Armour
   229 | D        | Reached skill level 3 in Dodging
   229 | D        | Reached XP level 4. HP: 46/48 MP: 3/3
   231 | D        | Reached skill level 8 in Axes
   231 | D        | Reached skill level 4 in Armour
   232 | D        | Reached skill level 4 in Dodging
   232 | D        | Reached XP level 5. HP: 52/53 MP: 4/4
   235 | D        | Killed a hippogriff
   235 | D        | Reached ***** piety under Trog
   235 | D        | Reached skill level 11 in Axes
   235 | D        | Reached skill level 7 in Armour
   235 | D        | Reached skill level 6 in Dodging
   235 | D        | Reached XP level 6. HP: 52/61 MP: 5/5
   278 | D        | Noticed a hungry ghost
   278 | D        | Noticed a troll
   278 | D        | Noticed a slime creature
   278 | D        | Noticed a gargoyle
   283 | D        | Killed a gargoyle
   283 | D        | Reached skill level 12 in Axes
   283 | D        | Reached skill level 8 in Armour
   283 | D        | Reached skill level 7 in Dodging
   283 | D        | Reached XP level 7. HP: 49/68 MP: 6/6
   286 | D        | Killed a slime creature
   286 | D        | Reached skill level 13 in Axes
   286 | D        | Reached skill level 9 in Armour
   286 | D        | Reached skill level 8 in Dodging
   292 | D        | Killed a troll
   292 | D        | Received a gift from Trog
   292 | D        | Reached skill level 14 in Axes
   292 | D        | Reached skill level 10 in Armour
   292 | D        | Reached skill level 9 in Dodging
   292 | D        | Reached XP level 8. HP: 46/74 MP: 7/7
   600 | D        | Noticed a hippogriff
   605 | D        | Killed a hippogriff
   605 | D        | Reached skill level 15 in Axes
   605 | D        | Reached skill level 10 in Dodging
   614 | D        | Noticed a spiny frog
   614 | D        | Reached skill level 16 in Axes
   615 | D        | Reached ****** piety under Trog
   619 | D        | Reached XP level 9. HP: 81/81 MP: 8/8
   625 | D        | Killed a spiny frog
   625 | D        | Received a gift from Trog
   625 | D        | Reached skill level 17 in Axes
   625 | D        | Reached skill level 11 in Dodging
   639 | D        | Noticed a spiny frog
   639 | D        | Noticed a spiny frog
   639 | D        | Noticed a spiny frog
   642 | D        | Killed a spiny frog
   648 | D        | Killed a spiny frog
   649 | D        | Noticed a five-headed hydra
   652 | D        | Killed a spiny frog
   652 | D        | Reached skill level 18 in Axes
   652 | D        | Reached skill level 12 in Dodging
   662 | D        | Killed a six-headed hydra
   662 | D        | Received a gift from Trog
   899 | D        | Noticed a tyrant leech
   901 | D        | Noticed a tyrant leech
   917 | D        | Killed a tyrant leech
   917 | D        | Reached skill level 19 in Axes
   920 | D        | Killed a tyrant leech
   920 | D        | Received a gift from Trog
   920 | D        | Reached skill level 9 in Fighting
   920 | D        | Reached XP level 10. HP: 91/91 MP: 6/9
  1065 | D        | Noticed Eustachio
  1066 | D        | Noticed Psyche
  1072 | D        | Killed Eustachio
  1072 | D        | Reached skill level 10 in Fighting
  1082 | D        | Killed Psyche
  1082 | D        | Received a gift from Trog
  1082 | D        | Reached skill level 20 in Axes
  1205 | D        | Received a gift from Trog
  1303 | D        | Noticed an orc knight
  1303 | D        | Noticed an orc high priest
  1311 | D        | Noticed an orc knight
  1313 | D        | Reached skill level 11 in Fighting
  1315 | D        | Noticed an orc knight
  1316 | D        | Killed an orc high priest
  1316 | D        | Reached skill level 12 in Fighting
  1316 | D        | Reached skill level 13 in Dodging
  1320 | D        | Killed an orc knight
  1320 | D        | Received a gift from Trog
  1326 | D        | Killed an orc knight
  1326 | D        | Reached skill level 13 in Fighting
  1332 | D        | Killed an orc knight
  1336 | D        | Received a gift from Trog
  1429 | D        | Found Exoeleen's Assorted Antiques.
  1429 | D        | Noticed an ogre mage
  1429 | D        | Noticed an ogre mage
  1429 | D        | Noticed a deep troll
  1429 | D        | Noticed an ogre mage
  1435 | D        | Noticed a stone giant
  1442 | D        | Killed an ogre mage
  1442 | D        | Reached skill level 14 in Fighting
  1442 | D        | Reached skill level 11 in Armour
  1442 | D        | Reached XP level 11. HP: 96/110 MP: 10/10
  1448 | D        | Killed a stone giant
  1448 | D        | Reached skill level 12 in Armour
  1454 | D        | Killed a deep troll
  1454 | D        | Reached skill level 13 in Armour
  1455 | D        | Found Moteeci's Jewellery Shop.
  1460 | D        | Paralysed by an ogre mage for 4 turns
  1464 | D        | Killed an ogre mage
  1464 | D        | Reached skill level 15 in Fighting
  1464 | D        | Reached skill level 14 in Armour
  1467 | D        | Killed an ogre mage
  1474 | D        | Received a gift from Trog
  1549 | D        | Got a transparent quarterstaff {god gift}
  1550 | D        | Identified the +2 quarterstaff of Trial by Ordeal {antimagic, +Fly Stlth+} (Trog gifted it to you in the Dungeon)
  1553 | D        | Found Noofei's Food Boutique.
  1561 | D        | Found Joboucev's Assorted Antiques.
  1563 | D        | Noticed a deep troll
  1566 | D        | Noticed an ogre mage
  1568 | D        | Noticed a deep troll
  1571 | D        | Killed a deep troll
  1571 | D        | Reached skill level 15 in Armour
  1575 | D        | Noticed a deep troll
  1577 | D        | Killed an ogre mage
  1577 | D        | Reached skill level 16 in Fighting
  1581 | D        | Killed a deep troll
  1581 | D        | Reached skill level 16 in Armour
  1584 | D        | Killed a deep troll
  1584 | D        | Received a gift from Trog
  1824 | D        | Bought a +3 ring of slaying for 630 gold pieces
  1829 | D        | Bought a potion of heal wounds for 125 gold pieces
  1829 | D        | Bought a potion of heal wounds for 125 gold pieces
  1863 | D        | Noticed Joseph
  1868 | D        | Killed Joseph
  2040 | D        | Noticed a tengu warrior
  2047 | D        | Reached skill level 17 in Armour
  2051 | D        | Killed a tengu warrior
  2052 | D        | Noticed a necromancer
  2057 | D        | Noticed an ettin
  2058 | D        | Received a gift from Trog
  2058 | D        | Reached skill level 17 in Fighting
  2058 | D        | Reached XP level 12. HP: 125/125 MP: 11/11
  2061 | D        | Noticed a deep troll earth mage
  2062 | D        | Reached skill level 18 in Armour
  2067 | D        | Noticed a great orb of eyes
  2067 | D        | HP: 23/125 [ettin/great mace (33)]
  2073 | D        | Killed an ettin
  2077 | D        | Killed a deep troll earth mage
  2077 | D        | Received a gift from Trog
  2082 | D        | Killed a great orb of eyes
  2083 | D        | Noticed a stone giant
  2086 | D        | Killed a stone giant
  2086 | D        | Reached skill level 19 in Armour
  2263 | D        | Noticed Saint Roka
  2279 | D        | HP: 46/190 [Saint Roka/long sword (8)]
  2281 | D        | Killed Saint Roka
  2281 | D        | Received a gift from Trog
  2281 | D        | Reached skill level 18 in Fighting
  2281 | D        | Reached skill level 20 in Armour
  2595 | D        | Got an iridescent broad axe {god gift}
  2608 | D        | Identified the +12 broad axe of the Establishment {freeze, rC+ Int+3 Dex+3} (Trog gifted it to you in the Dungeon)
  2641 | D        | Noticed Nergalle
  2646 | D        | Killed Nergalle
  2646 | D        | Received a gift from Trog
  2867 | D        | Noticed a merfolk impaler
  2881 | D        | Reached skill level 19 in Fighting
  2881 | D        | Reached skill level 14 in Dodging
  2886 | D        | Killed a merfolk impaler
  2896 | D        | Received a gift from Trog
  2907 | D        | Reached skill level 20 in Fighting
  3180 | D        | Noticed an anaconda
  3180 | D        | Noticed a nagaraja
  3181 | D        | Noticed an anaconda
  3188 | D        | Killed a nagaraja
  3188 | D        | Reached skill level 15 in Dodging
  3188 | D        | Reached XP level 13. HP: 140/140 MP: 12/12
  3191 | D        | Received a gift from Trog
  3196 | D        | Reached skill level 21 in Fighting
  3207 | D        | Received a gift from Trog
  3327 | D        | Got a transparent hand axe {god gift}
  3331 | D        | Identified the +6 hand axe "Dowuet" {chop, *Noise rPois rN+ Int+3} (Trog gifted it to you in the Dungeon)
  3397 | D        | Reached skill level 16 in Dodging
  3409 | D        | Received a gift from Trog
  3413 | D        | Reached skill level 17 in Dodging
  3509 | D        | Reached skill level 18 in Dodging
  3516 | D        | Received a gift from Trog
  3702 | D        | Noticed Rupert
  3704 | D        | Paralysed by Rupert for 3 turns
  3711 | D        | Killed Rupert
  3711 | D        | Reached skill level 19 in Dodging
  3874 | D        | Noticed a frost giant
  3874 | D        | Noticed a frost giant
  3881 | D        | Killed a frost giant
  3881 | D        | Received a gift from Trog
  3884 | D        | Reached skill level 20 in Dodging
  3886 | D        | Noticed a vampire knight
  3891 | D        | Noticed a lich
  3896 | D        | Killed a vampire knight
  3898 | D        | Killed a frost giant
  3898 | D        | Reached skill level 21 in Dodging
  3910 | D        | Killed from afar by a lich

Skill      XL: |  1  2  3  4  5  6  7  8  9 10 11 12 13 |
---------------+----------------------------------------+-----
Fighting       | 5 7 8 9 14 17 20 21 | 21.6
Axes           | 4 5 7 8 11 12 14 16 19 20 | 20.2
Armour         | 3 4 7 8 10 11 17 20 | 20.6
Dodging        | 3 4 6 7 9 10 12 13 15 21 | 21.3

Action                   |  1- 3 |  4- 6 |  7- 9 | 10-12 | 13-15 || total
-------------------------+-------+-------+-------+-------+-------++-------
Melee: Hand axe          |    22 |       |       |       |       ||    22
       Headbutt          |     2 |     1 |    13 |    39 |    18 ||    73
       Broad axe         |     3 |     9 |    41 |    36 |    86 ||   175
       Battleaxe         |       |       |    18 |   148 |       ||   166
Invok: Berserk           |       |     1 |     2 |     6 |     2 ||    11
       Brothers in Arms  |       |       |     2 |     3 |     2 ||     7
       Trog's Hand       |       |       |     1 |     2 |       ||     3
  Use: Potion            |     1 |       |       |     1 |       ||     2
       Scroll            |       |       |       |     6 |       ||     6
  Eat: Chunk             |       |       |     6 |    12 |     4 ||    22
       Ration            |       |       |       |     1 |       ||     1
Armor: Animal skin       |    10 |       |       |       |       ||    10
       Chain mail        |     1 |     2 |    21 |     4 |       ||    28
       Plate armour      |       |       |       |    57 |    40 ||    97
Dodge: Dodged            |    16 |     6 |    39 |   117 |    61 ||   239

Vault maps used:
D:        linesprint

Table legend:
 A = Turns spent in this place as a percentage of turns spent in the entire game.
 B = Non-inter-level travel turns spent in this place as a percentage of non-inter-level travel turns spent in the entire game.
 C = Inter-level travel turns spent in this place as a percentage of turns spent in this place.
 D = Turns resting spent in this place as a percentage of non-inter-level travel turns spent in this place.
 E = Turns spent auto-exploring this place as a percentage of non-inter-level travel turns spent in this place.
 F = Non-inter-level travel turns spent in this place divided by the number of levels of this place that you've seen.
                   A       B       C       D       E      F
               +-------+-------+-------+-------+-------+----------------------
         Total | 100.0 | 100.0 |   0.0 |  53.0 |  11.3 | 3910.0
       Dungeon | 100.0 | 100.0 |   0.0 |  53.0 |  11.3 | 3910.0
               +-------+-------+-------+-------+-------+----------------------

Table legend:
 A = Kills in this place as a percentage of kills in entire the game.
 B = Kills by you in this place as a percentage of kills by you in the entire game.
 C = Kills by friends in this place as a percentage of kills by friends in the entire game.
 D = Other kills in this place as a percentage of other kills in the entire game.
 E = Experience gained in this place as a percentage of experience gained in the entire game.
 F = Experience gained in this place divided by the number of levels of this place that you have seen.
                   A       B       C       D       E      F
               +-------+-------+-------+-------+-------+----------------------
         Total | 100.0 | 100.0 | 100.0 |   N/A | 100.0 | 61334.0
       Dungeon | 100.0 | 100.0 | 100.0 |   N/A | 100.0 | 61334.0
               +-------+-------+-------+-------+-------+----------------------
